 Dungeon Crawl Stone Soup version 0.28.0-43-g3370ac3207 (webtiles) character file.

Game seed: 17247393820928505483

27 spiecas the Poker (level 3, -3/27 HPs)
             Began as a Merfolk Gladiator on Mar 7, 2022.
             Slain by an adder (4 damage)
             ... on level 1 of the Dungeon.
             The game lasted 00:02:47 (944 turns).

spiecas the Poker (Merfolk Gladiator)                Turns: 944, Time: 00:02:47

Health: -3/27      AC:  4    Str: 14    XL:     3   Next: 10%
Magic:  3/3        EV: 13    Int:  7    God:
Gold:   38         SH:  0    Dex: 17    Spells: 2/2 levels left

rFire   . . .      SeeInvis .   a - +0 trident
rCold   . . .      Faith    .   (no shield)
rNeg    . . .      Spirit   .   b - +0 leather armour
rPois   .          Reflect  .   c - +0 helmet
rElec   .          Harm     .   (no cloak)
rCorr   .          Rampage  .   (no gloves)
Will    .....                   (no boots)
Stlth   +.........              (no amulet)
HPRegen 0.09/turn               (no ring)
MPRegen 0.08/turn               (no ring)

@: weak-willed
A: (nimble swimmer 2), mertail
a: no special abilities


You were on level 1 of the Dungeon.
You visited 1 branch of the dungeon, and saw 2 of its levels.

You collected 38 gold pieces.

Inventory:

Hand Weapons
 a - a +0 trident (weapon)
 g - a +2 short sword of speed
Missiles
 d - 3 throwing nets (quivered)
Armour
 b - a +0 leather armour (worn)
 c - a +0 helmet (worn)
Jewellery
 f - a +6 ring of strength
 n - a +4 ring of slaying
Potions
 i - a potion of heal wounds
 j - a potion of flight
 k - a potion of cancellation {unknown}


   Skills:
 + Level 2.3 Fighting
 + Level 2.0 Short Blades
 + Level 0.1(1.0) Long Blades
 + Level 5.0 Polearms
 + Level 2.0 Throwing
 + Level 4.1 Dodging
 + Level 0.1 Translocations


You had 2 spell levels left.
You didn't know any spells.
Your spell library contained the following spells:

 Spells                   Type           Power      Damage    Failure   Level
 Static Discharge         Conj/Air       0%         N/A       65%         2
 Dispel Undead            Necr           0%         3d6       99%         4
 Sticky Flame             Conj/Fire      0%         2d3       99%         4


Dungeon Overview and Level Annotations

Branches:
Dungeon (2/15)

Altars:


Innate Abilities, Weirdness & Mutations

((You are very nimble when in or above water. (Stealth+, EV+, Speed+++)))
Your lower body shifts to a powerful aquatic tail in water.


Message History

You closely miss the adder.
You feel sick. The adder bites you.
You are more poisoned.
The adder poisons you! The frilled lizard closely misses you.
The adder bites you.
You feel sick. The adder bites you. The frilled lizard bites you.
You climb upwards.
You feel very sick.
There is a stone staircase leading down here.
You miss the adder.
You feel sick. The adder bites you but does no damage.
The frilled lizard unfolds its giant frill.
The frilled lizard bites you but does no damage.
You closely miss the adder.
You feel sick. The adder bites you but does no damage.
The frilled lizard completely misses you.
The adder completely misses you.
You hit the adder.
The adder is moderately wounded.
You feel sick. The adder misses you. The frilled lizard closely misses you.
You hit the adder.
The adder is moderately wounded.
You feel sick. The adder barely misses you.
The frilled lizard barely misses you.
You hit the adder but do no damage.
The adder is moderately wounded.
You feel sick.
You are no longer poisoned.
The adder barely misses you. The frilled lizard closely misses you.
The adder misses you.
You hit the adder.
The adder is almost dead.
The adder closely misses you. The frilled lizard barely misses you.
You hit the adder but do no damage.
The adder is almost dead.
The adder completely misses you. The frilled lizard misses you.
You closely miss the adder.
The adder is almost dead.
The adder barely misses you. The frilled lizard bites you.
* * * LOW HITPOINT WARNING * * *
The adder bites you.
You die...

#...####...##..........####.....
#.....##........................
#...#.##....##..................
#................#.#.##.........
#.....##.........#...##..#......
#####............#..###..#......
###...#.........#...###.....
##......S.......#.####....
##..#.##@#.........#####. #####
##....l....##..##.####.. #...#
#......#.####.##...#... #...#
###...##.#.# #...##)....
#...#####.....##.#.# ###..#.....
#.............##.#.## ##..#.#.#.
#...##....#.........####..##.....
#...##..###..#..##.........#.....
#...#######..#..##........##.#.#.


You could see an adder and a frilled lizard.

Vanquished Creatures
  A dart slug (D:1)
  2 giant cockroaches (D:1)
  A goblin (D:1)
  7 hobgoblins (D:1)
  A quokka (D:1)
  2 ball pythons (D:1)
  A bat (D:1)
  3 frilled lizards (D:1)
  3 kobolds (D:1)
  A rat (D:1)
22 creatures vanquished.

Notes
Turn   | Place    | Note
-------+----------+-------------------------------------------
     0 | D:1      | spiecas the Merfolk Gladiator began the quest for the Orb.
     0 | D:1      | Reached XP level 1. HP: 16/16 MP: 1/1
   203 | D:1      | Reached XP level 2. HP: 22/22 MP: 2/2
   206 | D:1      | Reached skill level 5 in Polearms
   543 | D:1      | Reached skill level 1 in Short Blades
   858 | D:1      | Reached XP level 3. HP: 27/27 MP: 3/3
   944 | D:1      | HP: 1/27 [frilled lizard (3)]
   944 | D:1      | Slain by an adder

Illustrated notes

Levels and vault maps discovered:
D:1:      nicolae_arrival_memento_mori, layout_rooms, columned_hall_lemuel
D:2:      layout_loops_cross, serial_glass, glass_columns_a, glass_columns_a

Skill      XL: |  1  2  3 |
---------------+----------+-----
Polearms       | 5 |  5.0
Short Blades   | 1 2 |  2.0
Fighting       | |  2.3
Long Blades    | |  0.1
Throwing       | |  2.0
Dodging        | |  4.1
Translocations | |  0.1

Action                   || total
-------------------------++-------
Melee: Trident           ||    29
       Short sword       ||    45
       Punch             ||     2
  Use: Scroll            ||     5
Armor: Leather armour    ||    20
Dodge: Dodged            ||    74
